 Dungeon Crawl Stone Soup version 0.17.1-1-g73c8601 (webtiles) character file.

344 pedritolo the Sneak (level 6, -2/28 HPs)
             Began as a Spriggan Enchanter on Feb 11, 2017.
             Slain by a river rat (9 damage)
             ... in a sewer.
             The game lasted 00:07:06 (1051 turns).

pedritolo the Sneak (Spriggan Enchanter)            Turns: 1051, Time: 00:07:06

Health: -2/28      AC:  3    Str:  4    XL:     6   Next: 31%
Magic:  4/13       EV: 19    Int: 17    God:
Gold:   181        SH:  0    Dex: 18    Spells: 4 memorised, 4 levels left

rFire  . . .     SeeInvis +     a - +1 dagger
rCold  . . .     Clarity  .     b - +1 robe
rNeg   . . .     SustAt   .     (shield restricted)
rPois  .         Gourm    .     (helmet restricted)
rElec  .         Spirit   .     (no cloak)
rCorr  .         Warding  .     (gloves unavailable)
rMut   .         Stasis   .     (boots unavailable)
MR     +....                    (no amulet)
Stlth  ++++......               (no ring)
                                (no ring)

@: lethally poisoned (-2 -> -3), very slightly contaminated, very quick,
somewhat resistant to hostile enchantments, stealthy
A: unfitting armour, see invisible, herbivore 3, speed 3, slow metabolism 2
a: no special abilities


You were in a sewer.
You were not hungry.

You visited 2 branches of the dungeon, and saw 7 of its levels.
You also visited: Sewer.

You collected 181 gold pieces.

Inventory:

Hand Weapons
 a - a +1 dagger (weapon)
Missiles
 m - a throwing net (quivered)
Armour
 b - a +1 robe (worn)
 s - a +0 cloak
Scrolls
 g - a scroll of recharging {unknown}
 n - 4 scrolls of identify {unknown}
 o - a scroll of magic mapping {unknown}
 p - a scroll of immolation {unknown}
Potions
 e - 2 potions of lignification {unknown}
 f - a potion of ambrosia {unknown}
 h - a potion of cancellation {unknown}
 i - a potion of resistance {unknown}
 j - a potion of might {unknown}
 k - a potion of flight {unknown}
 q - a potion of brilliance {unknown}
 r - a potion of heal wounds {unknown}
Books
 c - a book of Maledictions

   Spells                             Type                      Level
   a - Corona                         Hexes                        1
   b - Ensorcelled Hibernation        Hexes/Ice                    2
   c - Confuse                        Hexes                        3
   d - Tukima's Dance                 Hexes                        3
   e - Dazzling Spray                 Conjuration/Hexes            3
 l - a book of Ice

   Spells                             Type                      Level
   a - Ice Form                       Ice/Transmutation            4
   b - Metabolic Englaciation         Hexes/Ice                    5
   c - Ozocubu's Refrigeration        Ice                          6
   d - Bolt of Cold                   Conjuration/Ice              6
   e - Freezing Cloud                 Conjuration/Ice/Air          6
   f - Simulacrum                     Ice/Necromancy               6
Comestibles
 d - a bread ration
 t - a royal jelly


   Skills:
 + Level 2.1 Short Blades
 + Level 4.0 Dodging
 + Level 6.2 Stealth
 + Level 4.3 Spellcasting
 * Level 6.2 Hexes


You had 4 spell levels left.
You knew the following spells:

 Your Spells              Type           Power        Failure   Level  Hunger
a - Corona                Hex            ####...      1%          1    None
b - Confuse               Hex            ####....     4%          3    ###....
c - Ensorcelled Hibernat  Hex/Ice        ##....       10%         2    ##.....
d - Dazzling Spray        Conj/Hex       ##......     14%         3    ###....


Dungeon Overview and Level Annotations

Branches:
Dungeon (6/15)             Temple (1/1) D:4

Altars:
Ashenzari
Cheibriados
Elyvilon
Makhleb
Qazlal
Ru
Sif Muna
Vehumet
Xom
Yredelemnul
Zin
The Shining One

Shops:
D:4 :


Innate Abilities, Weirdness & Mutations

You are tiny and cannot use many weapons and most armour.
You have supernaturally acute eyesight.
You are a herbivore.
You cover ground extremely quickly.
You need consume almost no food.


Message History

You kill the rat!
The rat bites you. The rat closely misses you. The rat completely misses you.
The rat closely misses you.
You barely miss the rat. The rat bites you.
* * * LOW HITPOINT WARNING * * *
The rat closely misses you.
You hit the rat.
You kill the rat!
You feel sick.
You barely miss the rat. The rat bites you but does no damage.
The rat misses you.
Casting: Ensorcelled Hibernation
Confirm with . or Enter, or press ? or * to list all spells.
Aiming: Ensorcelled Hibernation
Press: ? - help, Shift-Dir - straight line, f - river rat
Aim: a river rat (chance to defeat MR: 53%)
The river rat resists with significant effort.
The rat misses you. x2
The river rat bites you!
You die...

##############
≈≈≈≈≈≈≈≈≈≈≈..###
≈≈≈≈≈≈≈≈≈≈≈†...##
≈≈≈≈≈≈≈≈≈≈≈....r##
≈≈≈≈≈≈≈≈≈≈≈≈...r@#
≈≈≈≈≈≈≈≈≈≈≈≈...r.#
≈≈≈≈≈≈≈≈≈≈≈.......#
#############.....#
##....# #....l
##....# #....#


You could see a river rat, a giant newt (sleeping) and 2 rats.

Vanquished Creatures
  A sky beast (D:4)
  A centaur (D:4)
  A crimson imp (D:5)
  A hound (D:4)
  A centaur skeleton (D:5)
  A hound skeleton (D:4)
  A river rat (Sewer)
  4 adders
  An ooze (D:4)
  An adder skeleton (D:4)
  A worm (D:4)
  A giant gecko (D:4)
  A ball python (Sewer)
  2 giant cockroaches
  A goblin (D:1)
  A hobgoblin (D:3)
  3 bats
  A giant newt (Sewer)
  12 rats
36 creatures vanquished.

Notes
Turn   | Place    | Note
--------------------------------------------------------------
     0 | D:1      | pedritolo the Spriggan Enchanter began the quest for the Orb.
     0 | D:1      | Reached XP level 1. HP: 9/9 MP: 5/5
   135 | D:3      | Reached XP level 2. HP: 2/13 MP: 3/6
   139 | D:3      | Learned a level 2 spell: Ensorcelled Hibernation
   218 | D:4      | Noticed a sky beast
   240 | D:4      | Killed a sky beast
   240 | D:4      | Reached skill level 5 in Stealth
   240 | D:4      | Reached skill level 5 in Hexes
   240 | D:4      | Reached XP level 3. HP: 6/16 MP: 0/9
   240 | D:4      | Reached XP level 4. HP: 7/21 MP: 0/10
   245 | D:4      | Learned a level 3 spell: Confuse
   249 | D:4      | Learned a level 3 spell: Dazzling Spray
   316 | D:5      | Entered Level 5 of the Dungeon
   421 | D:5      | Found a deep blue altar of Sif Muna.
   421 | D:5      | Found a glowing silver altar of Zin.
   422 | D:5      | Found a shattered altar of Ashenzari.
   451 | D:4      | Reached XP level 5. HP: 16/24 MP: 11/11
   460 | D:4      | Found Uthrip's Book Emporium.
   489 | D:4      | Found a white marble altar of Elyvilon.
   490 | D:4      | Found a snail-covered altar of Cheibriados.
   498 | D:4      | Found a radiant altar of Vehumet.
   644 | D:4      | Found a staircase to the Ecumenical Temple.
   644 | D:4      | Noticed a centaur
   674 | D:4      | Killed a centaur
   674 | D:4      | Reached skill level 6 in Stealth
   683 | Temple   | Entered the Ecumenical Temple
   870 | D:5      | Reached XP level 6. HP: 28/28 MP: 6/13
   946 | D:5      | Found a glowing drain.
   953 | Sewer    | Entered a sewer
  1051 | Sewer    | Slain by a river rat

Action                   |  1- 3 |  4- 6 || total
-------------------------+-------+-------++-------
Melee: Dagger            |    26 |    56 ||    82
 Cast: Corona            |     4 |       ||     4
       Ensorcelled Hiber |     2 |     9 ||    11
       Confuse           |       |     6 ||     6
 Stab: Sleeping          |     4 |    13 ||    17
       Confused          |       |     6 ||     6
